[Event "Titled Tuesday Blitz November 14 Late 2023"]
[White "Makarian, Rudik"]
[Black "Ambartsumova, Karina"]
[WhiteFideId "44105681"]
[BlackFideId "4166299"]
[WhiteElo "2959"]
[BlackElo "2651"]
[Result "1-0"]
[Round "8"]
[TimeControl "180+1"]
[Date "2023.11.14"]
[WhiteClock "0:00:12"]
[BlackClock "0:00:00"]
[Board "11"]

1. d4 Nf6 2. c4 e6 3. Nf3 d5 4. Nc3 Be7 5. Bf4 O-O 6. e3 b6 7. Qc2 c5 8. dxc5 bxc5 9. Rd1 Bb7 10. Be2 Nbd7 11. O-O Rc8 12. h3 Qb6 13. b3 Rfd8 14. Ne5 Nf8 15. Bf3 Qa6 16. Nb5 Ng6 17. Nxg6 hxg6 18. a4 dxc4 19. Bxb7 Qxb7 20. bxc4 a6 21. Nd6 Bxd6 22. Bxd6 Qc6 23. Be5 Ne8 24. a5 f6 25. Bg3 g5 26. Rb1 Qd7 27. Rb6 Ra8 28. Qe4 e5 29. h4 gxh4 30. Qxh4 Qf7 31. f4 e4 32. f5 Qxc4 33. Bf4 Rd7 34. Qh5 Qf7 35. Qh4 c4 36. Rc1 Rc8 37. Rxa6 c3 38. Kf2 Qa2+ 39. Kg3 c2 40. Re6 Qa3 41. Rh1 Kf7 42. Qh5+ Kf8 43. Qg6 1-0


[Site "https://www.chess.com"]

[Event "Titled Tuesday Blitz November 14 Late 2023"]
[White "Gimenez Aguirre, Alejo Ismael"]
[Black "Chigaev, Maksim"]
[WhiteFideId "32041667"]
[BlackFideId "4108116"]
[WhiteElo "2625"]
[BlackElo "2934"]
[Result "0-1"]
[Round "8"]
[TimeControl "180+1"]
[Date "2023.11.14"]
[WhiteClock "0:00:02"]
[BlackClock "0:00:11"]
[Board "12"]

1. e4 e6 2. d4 d5 3. Nd2 c5 4. Ngf3 cxd4 5. Nxd4 Nf6 6. exd5 Qxd5 7. N2f3 Be7 8. Bb5+ Bd7 9. Bxd7+ Nbxd7 10. O-O O-O 11. b3 b5 12. Bb2 a6 13. Qe2 Qe4 14. Qd2 Rac8 15. Rfe1 Qg4 16. h3 Qh5 17. Rac1 Rfd8 18. Qa5 Nc5 19. Re5 Qh6 20. Nf5 exf5 21. Rxe7 Nfe4 22. Re1 Qd6 23. Ra7 Re8 24. Nd4 Qf4 25. Nf3 h6 26. b4 Na4 27. Bd4 Ng5 28. Rxe8+ Rxe8 29. Qc7 Nxf3+ 30. gxf3 Qxc7 31. Rxc7 f4 32. Rc6 Re2 33. Rxa6 Rxc2 34. Ra5 Rc4 35. Be5 Rxb4 36. Ra8+ Kh7 37. Ra7 Kg6 38. Ra6+ f6 39. Bd6 Rb1+ 40. Kg2 Nc3 41. Bxf4 Rb2 42. Be5 Rxa2 43. Rb6 Nd1 44. Bg3 Ne3+ 45. Kg1 Nf5 46. Rxb5 Nd4 47. Rb4 Nxf3+ 48. Kg2 Ne1+ 49. Kf1 Nd3 50. Rg4+ Kf7 51. Rd4 Ra1+ 52. Ke2 Nc5 53. Rc4 Ra2+ 54. Kf3 Ne6 55. h4 h5 56. Rb4 Ra3+ 57. Kg2 Ra5 58. Rb7+ Kg6 59. Rb6 Nd4 60. Rb4 Nf5 61. Rb7 Rd5 62. Rb4 Rd4 63. Rb5 Nxh4+ 64. Kh3 Nf5 65. Bc7 Rc4 66. Bd8 Rc3+ 67. Kg2 Rd3 68. Bb6 Nh4+ 69. Kf1 Rd7 70. Rb4 Rb7 71. Rxh4 Rxb6 72. Kg2 Rb1 73. Rd4 Rb5 74. Rd3 Kh6 75. Kg3 Rg5+ 76. Kf3 Rf5+ 77. Kg3 g5 78. Rd8 h4+ 79. Kg2 Rf4 80. f3 Kg6 81. Rg8+ Kf5 82. Ra8 Rb4 83. Ra2 Kf4 84. Re2 f5 85. Rf2 Rb3 86. Rc2 h3+ 87. Kxh3 Rxf3+ 88. Kg2 g4 89. Rc4+ Kg5 90. Rc2 Ra3 91. Rb2 Kh4 92. Kh2 f4 93. Rb4 Ra2+ 94. Kg1 Kg3 95. Rb1 f3 96. Kf1 Rf2+ 97. Kg1 Rg2+ 98. Kh1 Rh2+ 99. Kg1 f2+ 0-1


[Site "https://www.chess.com"]

[Event "Titled Tuesday Blitz November 14 Late 2023"]
[White "Mikaelyan, Arman"]
[Black "Fernandez Reyes, Lisandro"]
[WhiteFideId "13304852"]
[BlackFideId "3504190"]
[WhiteElo "2835"]
[BlackElo "2602"]
[Result "1-0"]
[Round "8"]
[TimeControl "180+1"]
[Date "2023.11.14"]
[WhiteClock "0:02:13"]
[BlackClock "0:01:49"]
[Board "13"]

1. d4 Nf6 2. c4 g6 3. Nc3 Bg7 4. e4 d6 5. f4 O-O 6. Nf3 c5 7. d5 e6 8. Be2 exd5 9. cxd5 Re8 10. e5 dxe5 11. fxe5 Ng4 12. e6 fxe6 13. Bg5 Qb6 14. Qd2 h6 15. h3 Nf2 16. Kxf2 hxg5 17. Bc4 Qb4 18. Qd3 Qxb2+ 19. Ne2 Na6 20. Qxg6 Qf6 21. Qxe8+ 1-0


[Site "https://www.chess.com"]

[Event "Titled Tuesday Blitz November 14 Late 2023"]
[White "Dragomirescu, Robin-Alexandru"]
[Black "Nihal Sarin"]
[WhiteFideId "1213849"]
[BlackFideId "25092340"]
[WhiteElo "2605"]
[BlackElo "3090"]
[Result "0-1"]
[Round "8"]
[TimeControl "180+1"]
[Date "2023.11.14"]
[WhiteClock "0:00:08"]
[BlackClock "0:03:05"]
[Board "14"]

1. b3 c6 2. Bb2 d5 3. e3 Bf5 4. Nf3 e6 5. c4 Nf6 6. Nc3 Nbd7 7. d3 Bd6 8. Qc2 O-O 9. Be2 Bg6 10. O-O a6 11. Rac1 Re8 12. Rfd1 h6 13. Qb1 e5 14. Qa1 Qe7 15. cxd5 cxd5 16. a4 Rad8 17. a5 e4 18. dxe4 dxe4 19. Ne1 Ne5 20. Nd5 Nxd5 21. Rxd5 Nd3 22. Nxd3 exd3 23. Bf3 Be4 24. Bxe4 Qxe4 25. Rd4 Qe5 26. g3 Qb5 27. Rd1 Bf8 28. R1xd3 Qxd3 29. Rxd3 Rxd3 30. Qa4 Rc8 31. Bd4 Rd2 32. e4 Re2 33. Be3 Rec2 34. Qd7 R2c7 35. Qd5 Re8 36. h4 g6 37. h5 g5 38. Kg2 Rc6 39. Bd4 Rd6 40. Qxb7 Rxd4 41. Qxa6 Rdxe4 42. Qb6 Rb4 43. Qc6 Re7 44. Qd5 Ra7 45. Kh3 Rb8 46. f4 gxf4 47. gxf4 Rba8 48. b4 Bxb4 0-1


[Site "https://www.chess.com"]

[Event "Titled Tuesday Blitz November 14 Late 2023"]
[White "Rastbod, Ali"]
[Black "Yoo, Christopher Woojin"]
[WhiteFideId "12567477"]
[BlackFideId "30909694"]
[WhiteElo "2782"]
[BlackElo "3050"]
[Result "0-1"]
[Round "8"]
[TimeControl "180+1"]
[Date "2023.11.14"]
[WhiteClock "0:00:00"]
[BlackClock "0:00:41"]
[Board "15"]

1. d4 d5 2. Nf3 Nf6 3. c3 Bf5 4. Qb3 b6 5. c4 e6 6. cxd5 exd5 7. Nc3 c6 8. Bg5 h6 9. Bh4 Nbd7 10. e3 Bd6 11. Bg3 Qe7 12. Ba6 Rb8 13. a4 O-O 14. O-O Ne4 15. Bxd6 Qxd6 16. Rac1 Be6 17. Qa3 Qxa3 18. bxa3 Nd6 19. Ne5 Nxe5 20. dxe5 Nc4 21. Bxc4 dxc4 22. Ne4 b5 23. a5 Rfd8 24. Nd6 c5 25. a6 Rb6 26. a4 b4 27. Nxc4 Rxa6 28. Nd6 Rc6 29. f4 f5 30. e4 fxe4 31. f5 Bd5 32. Rfd1 Bb3 33. Re1 Bxa4 34. Rxe4 Bb3 35. Rxb4 cxb4 36. Rxc6 Kf8 37. Ra6 Bd5 38. Ra5 Bc6 39. Rxa7 b3 40. Ra1 Rb8 41. Rb1 Bd5 42. Rb2 Ra8 43. f6 Ra1+ 44. Kf2 Ra2 45. Rxa2 bxa2 46. Nf5 a1=Q 0-1


[Site "https://www.chess.com"]

[Event "Titled Tuesday Blitz November 14 Late 2023"]
[White "Djordjevic, Vuk"]
[Black "Hakobyan, Aram"]
[WhiteFideId "902098"]
[BlackFideId "13306677"]
[WhiteElo "2769"]
[BlackElo "3012"]
[Result "0-1"]
[Round "8"]
[TimeControl "180+1"]
[Date "2023.11.14"]
[WhiteClock "0:00:08"]
[BlackClock "0:01:01"]
[Board "16"]

1. d4 Nf6 2. Bg5 Ne4 3. Bf4 e6 4. Nd2 Bd6 5. Bxd6 Nxd6 6. e4 b6 7. Bd3 Bb7 8. Qe2 O-O 9. O-O-O Nc6 10. c3 e5 11. d5 Ne7 12. Ngf3 f6 13. h4 c6 14. c4 cxd5 15. cxd5 b5 16. g4 Ng6 17. g5 Nf4 18. Qe3 Qb6 19. Nb3 Qxe3+ 20. fxe3 Nxd3+ 21. Rxd3 Nxe4 22. Rh2 fxg5 23. Nbd2 Rac8+ 24. Kd1 Nxd2 25. Nxd2 g4 26. h5 Rc5 27. e4 d6 28. Nb3 Rc7 29. Na5 Rf4 30. Re3 Kf7 31. Ree2 Kf6 32. Rc2 Rxc2 33. Rxc2 g3 34. Rg2 Bc8 35. Rxg3 Rxe4 36. Nc6 a6 0-1


[Site "https://www.chess.com"]

[Event "Titled Tuesday Blitz November 14 Late 2023"]
[White "Bortnyk, Olexandr"]
[Black "Arifarsky"]
[WhiteFideId "14120828"]
[WhiteElo "2998"]
[BlackElo "2736"]
[Result "0-1"]
[Round "8"]
[TimeControl "180+1"]
[Date "2023.11.14"]
[WhiteClock "0:00:01"]
[BlackClock "0:00:05"]
[Board "17"]

1. e4 c5 2. c3 g6 3. d4 cxd4 4. cxd4 d5 5. e5 Nc6 6. Nc3 Bg7 7. Be3 Nh6 8. Qb3 Nf5 9. Qxd5 Be6 10. Qe4 Nfxd4 11. O-O-O Bf5 12. Qh4 Bxe5 13. Bb5 Bf6 14. Qf4 e5 15. Qh6 Qa5 16. Bxc6+ bxc6 17. Bxd4 exd4 18. Re1+ Kd7 19. Qd2 Kc7 20. Ne4 Qxa2 21. Qf4+ Kb6 22. Nf3 Rhe8 23. Nfd2 Be5 24. Qf3 Rad8 25. Qd3 Kc7 26. g3 Rb8 27. b3 Bd6 28. f3 Bb4 29. Qxd4 a5 30. Nc4 Qxb3 31. Re3 Qa2 32. Rd1 Red8 33. Qe5+ Kb7 34. Ned6+ Bxd6 35. Nxd6+ Ka8 36. Nxf5 Rb1# 0-1


[Site "https://www.chess.com"]

[Event "Titled Tuesday Blitz November 14 Late 2023"]
[White "Rorrer, Grayson"]
[Black "Maghsoodloo, Parham"]
[WhiteFideId "30944996"]
[BlackFideId "12539929"]
[WhiteElo "2733"]
[BlackElo "2963"]
[Result "0-1"]
[Round "8"]
[TimeControl "180+1"]
[Date "2023.11.14"]
[WhiteClock "0:00:00"]
[BlackClock "0:00:16"]
[Board "18"]

1. e4 c5 2. Nf3 Nc6 3. Bb5 Na5 4. O-O a6 5. Be2 d6 6. c3 Nf6 7. Re1 b5 8. e5 dxe5 9. Nxe5 e6 10. a4 b4 11. cxb4 cxb4 12. d4 Bb7 13. Bg5 Be7 14. Bf3 Rb8 15. Bxb7 Rxb7 16. Qd3 Rb6 17. Nd2 O-O 18. Rac1 Nd5 19. Bxe7 Nxe7 20. Ndc4 Nxc4 21. Nxc4 Rb7 22. Ne5 Rb6 23. Nc4 Rc6 24. Ne5 Rd6 25. Qc4 a5 26. Red1 h5 27. Qc5 Rd5 28. Qc4 Nf5 29. Nc6 Qb6 30. Qe2 Rc8 31. Ne5 Rxc1 32. Rxc1 g6 33. Rc8+ Kg7 34. Nf3 Nxd4 35. Nxd4 Qxd4 36. g3 h4 37. Rc4 Qd1+ 38. Qxd1 Rxd1+ 39. Kg2 h3+ 40. Kxh3 Rd2 41. Kg2 Rxb2 42. Rc5 Kf6 43. Rxa5 e5 44. Rb5 e4 45. Kf1 Ke6 46. a5 f5 47. a6 Kf6 48. a7 Ra2 49. Rxb4 Rxa7 50. h4 Ra2 51. Rb6+ Kg7 52. Rb3 Kh6 53. Kg2 Kh5 54. Kg1 Kg4 55. Re3 Kh3 56. Re1 Rb2 57. Kf1 Rc2 58. Kg1 Rd2 59. Kf1 Kh2 60. g4 Kh3 61. h5 Kxg4 62. hxg6 Rd7 63. Re3 Kg5 64. Rg3+ Kf6 65. f3 e3 66. f4 Rg7 67. Ke2 Rxg6 68. Rxe3 Rg4 69. Kf3 Rh4 70. Re2 Rh3+ 71. Kg2 Ra3 72. Re5 Kg6 73. Kf2 Rb3 74. Kg2 Rb6 75. Kf3 Rf6 76. Kg3 Kh5 77. Kh3 Rf8 78. Rd5 Rf7 79. Re5 Kg6 80. Re6+ Kh5 81. Re5 Rf8 82. Rd5 Kg6 83. Rd6+ Kf7 84. Kh4 Rg8 85. Rd4 Kf6 86. Rd6+ Ke7 87. Rd4 Ke6 88. Kh3 Rg4 89. Kh2 Rg8 90. Kh3 Rg7 91. Kh2 Kf6 92. Kh3 Rg8 93. Kh2 Kg6 94. Kg3 Kh5+ 95. Kf3 Ra8 96. Rd3 Kh4 97. Rc3 Ra1 98. Rb3 Rh1 99. Kg2 Rd1 100. Rg3 Rd2+ 0-1


[Site "https://www.chess.com"]

[Event "Titled Tuesday Blitz November 14 Late 2023"]
[White "Zeltsan, Joseph"]
[Black "Ibarra Jerez, Jose Carlos"]
[WhiteFideId "30932980"]
[BlackFideId "2226332"]
[WhiteElo "2725"]
[BlackElo "2952"]
[Result "1-0"]
[Round "8"]
[TimeControl "180+1"]
[Date "2023.11.14"]
[WhiteClock "0:00:04"]
[BlackClock "0:00:02"]
[Board "19"]

1. e4 c5 2. Nf3 Nc6 3. Bb5 e6 4. O-O Nd4 5. Nxd4 cxd4 6. c3 a6 7. Be2 Bc5 8. b4 Ba7 9. Bb2 Ne7 10. cxd4 d5 11. e5 Nf5 12. b5 O-O 13. Bd3 Nxd4 14. Qg4 Nxb5 15. a4 Nc7 16. Bxh7+ Kxh7 17. Qh5+ Kg8 18. Ra3 Ne8 19. Rh3 f5 20. Ba3 Nc7 21. Qh7+ Kf7 22. Qh5+ Kg8 23. Qh7+ Kf7 24. Rg3 Ne8 25. Qg6+ Kg8 26. Rh3 Nc7 27. Rh7 Qd7 28. Qh5 g6 29. Qxg6+ Qg7 30. Qxg7# 1-0


[Site "https://www.chess.com"]

[Event "Titled Tuesday Blitz November 14 Late 2023"]
[White "Hasangatin, Ramil"]
[Black "Grischuk, Alexander"]
[WhiteFideId "4122160"]
[BlackFideId "4126025"]
[WhiteElo "2708"]
[BlackElo "2937"]
[Result "1/2-1/2"]
[Round "8"]
[TimeControl "180+1"]
[Date "2023.11.14"]
[WhiteClock "0:01:58"]
[BlackClock "0:01:27"]
[Board "20"]

1. e4 c5 2. Nf3 Nc6 3. Bb5 e6 4. Bxc6 bxc6 5. d3 Qc7 6. e5 f6 7. Qe2 fxe5 8. Nxe5 Nf6 9. f4 Be7 10. O-O O-O 11. Nd2 a5 12. a4 d6 13. Nec4 Nd5 14. Ne4 Bd7 15. b3 Be8 16. Bd2 Bg6 17. Rae1 Rfe8 18. Ng3 Bf8 19. Qg4 Nf6 20. Qf3 Nd5 21. Re2 Nb4 22. Bc3 Nd5 23. Bd2 Nb4 24. Bc3 Nd5 25. Bd2 1/2-1/2


[Site "https://www.chess.com"]

[Event "Titled Tuesday Blitz November 14 Late 2023"]
[White "Mitrabha, Guha"]
[Black "Sydoryka, Vladyslav"]
[WhiteFideId "5057000"]
[BlackFideId "14145928"]
[WhiteElo "2929"]
[BlackElo "2687"]
[Result "0-1"]
[Round "8"]
[TimeControl "180+1"]
[Date "2023.11.14"]
[WhiteClock "0:00:32"]
[BlackClock "0:00:16"]
[Board "21"]

1. Nf3 d5 2. c4 d4 3. b4 f6 4. d3 e5 5. Qb3 a5 6. bxa5 Nc6 7. g3 Bb4+ 8. Bd2 Bxd2+ 9. Nbxd2 Nxa5 10. Qb2 b6 11. Bg2 Bb7 12. O-O Ne7 13. Nb3 O-O 14. Rfb1 Bc6 15. Nbd2 Nb7 16. Nb3 Qd6 17. h4 Nc5 18. Nxc5 Qxc5 19. Nd2 Bxg2 20. Kxg2 f5 21. a4 Qc6+ 22. Kg1 f4 23. Qb5 fxg3 24. fxg3 Qg6 25. Qxe5 Nf5 26. Ne4 Rae8 27. Qf4 h6 28. h5 Qxh5 29. Rb5 Qg6 30. Re5 Nxg3 31. Qxg3 Qxg3+ 32. Nxg3 Rxe5 33. Ne4 Ra8 34. Kf2 Rea5 35. Rg1 Rxa4 36. Nf6+ Kh8 37. Nd5 Rf8+ 38. Kg3 Ra2 39. Re1 Re8 40. Kf3 Ra7 41. Rg1 c6 42. Nxb6 Rf7+ 43. Kg4 Rxe2 44. c5 Re3 45. Nc4 Rxd3 46. Ne5 Rf6 47. Rb1 Rc3 48. Rb8+ Kh7 49. Nd7 Rcf3 50. Nxf6+ Rxf6 51. Rd8 Kg6 52. Rxd4 h5+ 53. Kh4 Kh6 54. Rd6 g5+ 55. Kg3 Kg6 56. Rd8 h4+ 57. Kg4 Rf4+ 58. Kh3 Rf3+ 59. Kg2 Rc3 60. Rd6+ Kf5 61. Rxc6 Kg4 62. Rc8 Rc2+ 63. Kf1 Kg3 64. c6 h3 65. c7 h2 66. Rh8 Rxc7 67. Rh5 Rc1+ 0-1


[Site "https://www.chess.com"]

[Event "Titled Tuesday Blitz November 14 Late 2023"]
[White "Djokic, Mihailo"]
[Black "Hong, Andrew"]
[WhiteFideId "976440"]
[BlackFideId "2099438"]
[WhiteElo "2680"]
[BlackElo "2910"]
[Result "1-0"]
[Round "8"]
[TimeControl "180+1"]
[Date "2023.11.14"]
[WhiteClock "0:00:06"]
[BlackClock "0:00:00"]
[Board "22"]

1. e4 Nc6 2. Nc3 e5 3. Nf3 Bc5 4. Nxe5 Nxe5 5. d4 Bd6 6. dxe5 Bxe5 7. Nd5 c6 8. Ne3 Nf6 9. Bd3 O-O 10. O-O d5 11. exd5 cxd5 12. c3 Re8 13. Qf3 Be6 14. h3 d4 15. cxd4 Qxd4 16. Rd1 Qb4 17. a3 Qb3 18. Bc2 Qb6 19. Rb1 Ba2 20. Ra1 Bb3 21. Qe2 Rac8 22. Bxb3 Qxb3 23. Rd3 Qb5 24. Rd2 Qb6 25. Rc2 Qb3 26. Rc4 h6 27. Rb4 Qe6 28. Rxb7 Qc6 29. Qb5 Qe4 30. Qb3 Rf8 31. Bd2 Qf4 32. Ng4 Qxd2 33. Nxe5 Rc2 34. Rf1 Nd5 35. Rd7 Rc5 36. Rd1 Rc1 37. Rxd5 Rxd1+ 38. Qxd1 Qxb2 39. Nc4 Qc3 40. Qd3 Qe1+ 41. Qf1 Qc3 42. Rc5 Rd8 43. Kh2 Qd4 44. Rf5 Qe4 45. Rf3 Qe7 46. Qc1 Qc7+ 47. Qf4 Qb7 48. a4 Qd7 49. a5 f6 50. Qe4 Qf7 51. Ne3 Re8 52. Qd5 Re6 53. a6 Kh7 54. Qf5+ Kg8 55. Rg3 Rxa6 56. Qc8+ Kh7 57. Qxa6 g5 58. Qd3+ Kg7 59. Nd5 h5 60. Rf3 g4 61. Rxf6 Qd7 62. Qg6+ 1-0


[Site "https://www.chess.com"]

[Event "Titled Tuesday Blitz November 14 Late 2023"]
[White "Yeletsky, Ivan"]
[Black "Ahmad, Khagan"]
[WhiteFideId "24180327"]
[BlackFideId "13431552"]
[WhiteElo "2899"]
[BlackElo "2644"]
[Result "0-1"]
[Round "8"]
[TimeControl "180+1"]
[Date "2023.11.14"]
[WhiteClock "0:00:03"]
[BlackClock "0:00:02"]
[Board "23"]

1. e4 c5 2. Nf3 d6 3. c3 Nf6 4. Qc2 Bg4 5. e5 Bxf3 6. exf6 Bc6 7. fxg7 Bxg7 8. Be2 Nd7 9. O-O Rg8 10. g3 Qa5 11. Na3 O-O-O 12. Nc4 Qc7 13. a4 Ne5 14. Nxe5 Bxe5 15. Bf3 Bxf3 16. Qf5+ e6 17. Qxf3 f5 18. d4 cxd4 19. cxd4 Bxd4 20. Be3 Qb6 21. a5 Qb4 22. a6 d5 23. Rfd1 Bxe3 24. Qxe3 Qb6 25. Qe5 Rg4 26. b3 Re4 27. Rac1+ Kd7 28. Qg7+ Kd6 29. axb7 Re2 30. Rf1 Rb8 31. Qxh7 Rxb7 32. Qh5 Ra2 33. Rce1 Qd4 34. Qg6 Re7 35. Re3 Rb2 36. Rfe1 Kd7 37. h4 a5 38. h5 a4 39. h6 f4 40. gxf4 Qxf4 41. bxa4 Qxf2+ 42. Kh1 Qh2# 0-1


[Site "https://www.chess.com"]

[Event "Titled Tuesday Blitz November 14 Late 2023"]
[White "reevecanada"]
[Black "BardArtem"]
[WhiteElo "2657"]
[BlackElo "2828"]
[Result "0-1"]
[Round "8"]
[TimeControl "180+1"]
[Date "2023.11.14"]
[WhiteClock "0:00:18"]
[BlackClock "0:00:11"]
[Board "24"]

1. e4 e5 2. Nf3 Nc6 3. d4 exd4 4. Nxd4 Bb4+ 5. c3 Bc5 6. Nb3 Bb6 7. c4 d6 8. Nc3 Nf6 9. Qe2 h6 10. Be3 O-O 11. O-O-O Re8 12. f3 Be6 13. h4 Ne5 14. Nd2 Nh5 15. Qe1 Bxe3 16. Qxe3 Ng3 17. Be2 Nxh1 18. Rxh1 c6 19. g4 Qb6 20. Qxb6 axb6 21. f4 Bxg4 22. fxe5 Bxe2 23. Nxe2 Rxe5 24. Nc3 f5 25. exf5 Rxf5 26. Rg1 Kh7 27. Nde4 Rf4 28. Nxd6 Rxh4 29. Nf5 Rxc4 30. Rxg7+ Kh8 31. Rxb7 h5 32. Nd6 Rf4 33. Rxb6 h4 34. Rb7 h3 35. Nf7+ Kg8 36. Nh6+ Kf8 37. Rh7 h2 38. Nf5 Rf1+ 39. Kc2 h1=Q 40. Rxh1 Rxh1 41. Nd4 Rh2+ 42. Kc1 Re8 43. Nc2 Kg8 44. a4 Rf8 45. Ne3 Rf3 46. Ned1 Rf5 47. b4 Kf7 48. a5 Ke6 49. Ne3 Rf8 50. Nc2 Kd7 51. Ne4 Rf1+ 52. Kb2 Re2 53. Nc5+ Kc8 54. Kb3 Rb1+ 55. Kc3 Rc1 56. Kb3 Rcxc2 57. a6 Rxc5 58. bxc5 Kb8 59. Kb4 Ka7 60. Ka5 Rb2 61. Ka4 Rb5 62. Ka3 Kxa6 63. Ka2 Ka5 64. Ka1 Rxc5 65. Ka2 Rb5 66. Ka1 c5 67. Ka2 c4 68. Ka3 c3 69. Ka2 c2 70. Ka3 c1=Q+ 71. Ka2 Qb2# 0-1


[Site "https://www.chess.com"]

[Event "Titled Tuesday Blitz November 14 Late 2023"]
[White "Klekowski, Maciej"]
[Black "Adewumi, Tanitoluwa"]
[WhiteFideId "1132717"]
[BlackFideId "30966396"]
[WhiteElo "2827"]
[BlackElo "2634"]
[Result "1-0"]
[Round "8"]
[TimeControl "180+1"]
[Date "2023.11.14"]
[WhiteClock "0:00:16"]
[BlackClock "0:00:04"]
[Board "25"]

1. c4 e5 2. g3 Nc6 3. Bg2 g6 4. Nc3 d6 5. e4 Be6 6. d3 h5 7. h3 h4 8. g4 f5 9. exf5 gxf5 10. gxf5 Bxf5 11. Nge2 Nf6 12. Nd5 Bh6 13. Be3 Rg8 14. Bf3 Bxe3 15. Nxe3 Bd7 16. Qb3 Qe7 17. Nd5 Nxd5 18. Bxd5 Rf8 19. Qxb7 Rb8 20. Qxc7 Rc8 21. Qb7 Rb8 22. Qa6 Nb4 23. Qxa7 Nxd3+ 24. Kd2 Rxb2+ 25. Kc3 Rxe2 26. Qb8+ Qd8 27. Qxd8+ Kxd8 28. Kxd3 Rfxf2 29. a4 Ra2 30. a5 Kc7 31. Kc3 Ba4 32. Rxa2 Rxa2 33. c5 Ra3+ 34. Kb4 Rd3 35. Bc4 Rd4 36. cxd6+ Kxd6 37. Rg1 Bc6 38. Rg6+ Kd7 39. Kc5 Be4 40. Rg7+ Kd8 41. a6 Bf3 42. a7 Rd1 43. Rf7 Be4 44. Bb5 Kc8 45. Kb6 Rd6+ 46. Kc5 Rd5+ 47. Kc4 Rd4+ 48. Kc5 Rd5+ 49. Kb6 Rd6+ 50. Ka5 Rd5 51. Rf8+ Kc7 52. a8=Q Rxb5+ 53. Kxb5 Bxa8 54. Rxa8 Kd6 55. Ra4 Kd5 56. Rxh4 e4 57. Rh8 e3 58. Re8 e2 59. h4 Kd4 60. Rxe2 Kd5 61. Re8 1-0


[Site "https://www.chess.com"]

[Event "Titled Tuesday Blitz November 14 Late 2023"]
[White "Ghasi, Ameet K"]
[Black "angelgab3"]
[WhiteFideId "409200"]
[WhiteElo "2802"]
[BlackElo "2580"]
[Result "1-0"]
[Round "8"]
[TimeControl "180+1"]
[Date "2023.11.14"]
[WhiteClock "0:00:25"]
[BlackClock "0:00:01"]
[Board "26"]

1. g3 d5 2. Bg2 Nf6 3. d3 c5 4. h3 Nc6 5. Nf3 e6 6. O-O b6 7. Re1 Bb7 8. Nbd2 Be7 9. e4 Qc7 10. c3 h6 11. a3 g5 12. b4 g4 13. hxg4 O-O-O 14. exd5 Nxd5 15. bxc5 Bxc5 16. Ne4 Be7 17. c4 Nf6 18. Bf4 Qd7 19. Ne5 Nxe5 20. Bxe5 Nxe4 21. Bxe4 Rhg8 22. d4 f6 23. Bf4 Qxd4 24. Bxb7+ Kxb7 25. Qf3+ Ka6 26. Rad1 Qxc4 27. Rc1 Qd3 28. Re3 Qd5 29. Qe2+ Qb5 30. Rc4 Ka5 31. Rxe6 Bc5 32. Bd2+ Rxd2 33. Qxd2+ Ka6 34. Qc2 Rd8 35. Rxc5 Qxc5 36. Qxc5 1-0


[Site "https://www.chess.com"]

[Event "Titled Tuesday Blitz November 14 Late 2023"]
[White "JackRodgers"]
[Black "mind1mover"]
[WhiteElo "2545"]
[BlackElo "2802"]
[Result "0-1"]
[Round "8"]
[TimeControl "180+1"]
[Date "2023.11.14"]
[WhiteClock "0:00:01"]
[BlackClock "0:00:38"]
[Board "27"]

1. d4 d5 2. Bg5 Nc6 3. e3 f6 4. Bh4 h5 5. f3 Bf5 6. Bd3 Nh6 7. Ne2 Qd7 8. Bf2 e6 9. Nf4 Qf7 10. c3 g5 11. Ne2 O-O-O 12. a4 e5 13. Bb5 Ne7 14. a5 e4 15. a6 b6 16. Na3 c6 17. Ba4 exf3 18. gxf3 g4 19. f4 h4 20. Bc2 Qe6 21. Kd2 Kb8 22. Qb1 Nc8 23. b4 Nd6 24. Bxh4 Bxc2 25. Qxc2 Nhf5 26. Bf2 Ne4+ 27. Ke1 g3 28. Nxg3 Nfxg3 29. Bxg3 Nxg3 30. Kf2 Ne4+ 31. Ke2 Rh3 32. Rae1 Qg4+ 33. Kd3 Qf5 34. Ke2 Qh5+ 35. Kd3 Re8 36. Re2 Qf5 37. c4 Bxb4 38. Nb5 Nc5# 0-1


[Site "https://www.chess.com"]

[Event "Titled Tuesday Blitz November 14 Late 2023"]
[White "Gurevich, Dmitry"]
[Black "Brodsky, David"]
[WhiteFideId "2000407"]
[BlackFideId "2073250"]
[WhiteElo "2450"]
[BlackElo "2792"]
[Result "0-1"]
[Round "8"]
[TimeControl "180+1"]
[Date "2023.11.14"]
[WhiteClock "0:00:07"]
[BlackClock "0:00:06"]
[Board "28"]

1. d4 Nf6 2. c4 e6 3. Nc3 Bb4 4. a3 Bxc3+ 5. bxc3 c5 6. e3 Nc6 7. Bd3 d6 8. Ne2 b6 9. e4 e5 10. f3 Qd7 11. Bg5 Ba6 12. Bxf6 gxf6 13. O-O h5 14. d5 Na5 15. Ng3 Bxc4 16. Bxc4 Nxc4 17. Nf5 Rg8 18. Qe2 Na5 19. a4 Rg5 20. Qb5 Rxf5 21. exf5 Ke7 22. Qxd7+ Kxd7 23. Rfe1 Rg8 24. h4 Nb3 25. Ra2 c4 26. Re4 Rc8 27. g4 Na5 28. Kh2 Ke7 29. Rg2 Rh8 30. g5 fxg5 31. hxg5 a6 32. f6+ Kf8 33. Rh4 Nb3 34. f4 e4 35. f5 Nc5 36. g6 Rh6 37. Rg5 Nd7 38. Rgxh5 Rxh5 39. Rxh5 Nxf6 40. Rh7 Nxh7 41. gxh7 Kg7 42. Kg3 Kxh7 43. Kf4 Kh6 0-1


[Site "https://www.chess.com"]

[Event "Titled Tuesday Blitz November 14 Late 2023"]
[White "Dourerassou, Jonathan"]
[Black "Sztokbant, Bernardo Vainzoff"]
[WhiteFideId "628050"]
[BlackFideId "2115956"]
[WhiteElo "2790"]
[BlackElo "2527"]
[Result "1-0"]
[Round "8"]
[TimeControl "180+1"]
[Date "2023.11.14"]
[WhiteClock "0:00:57"]
[BlackClock "0:00:11"]
[Board "29"]

1. d4 f5 2. Nc3 Nf6 3. g3 g6 4. Bg2 Bg7 5. e4 fxe4 6. Nxe4 O-O 7. Ne2 Nxe4 8. Bxe4 e5 9. dxe5 d6 10. exd6 Qf6 11. O-O cxd6 12. Nf4 Nc6 13. Nd5 Qe5 14. Bg2 Bf5 15. c3 Rae8 16. Bf4 Qe2 17. Bxd6 Rf7 18. Qxe2 Rxe2 19. Nf4 Rxb2 20. Bd5 Bxc3 21. Rac1 Bd4 22. Rce1 Kg7 23. Bxf7 Kxf7 24. Re2 Rb5 25. Rfe1 g5 26. Ne6 Bf6 27. Nc5 Bg4 28. Re8 Nd4 29. Rf8+ Kg6 30. Rxf6+ Kxf6 31. Be5+ Kf5 32. Bxd4 Bf3 33. h3 b6 34. g4+ Kg6 35. Re6+ Kf7 36. Rf6+ Ke7 37. Rxf3 bxc5 38. Bf6+ Ke6 39. Bxg5 Rb3 40. axb3 1-0


[Site "https://www.chess.com"]

[Event "Titled Tuesday Blitz November 14 Late 2023"]
[White "Rustemov, Alexander"]
[Black "Janaszak, Dawid"]
[WhiteFideId "4119002"]
[BlackFideId "1119206"]
[WhiteElo "2849"]
[BlackElo "2580"]
[Result "1-0"]
[Round "8"]
[TimeControl "180+1"]
[Date "2023.11.14"]
[WhiteClock "0:00:08"]
[BlackClock "0:00:02"]
[Board "30"]

1. d4 g6 2. c4 Bg7 3. g3 e6 4. Bg2 d5 5. Nf3 Nf6 6. O-O O-O 7. Qc2 b6 8. Rd1 Bb7 9. Bf4 Nbd7 10. Ne5 Nh5 11. Nxd7 Qxd7 12. Be3 f5 13. Qd2 Rab8 14. cxd5 Bxd5 15. Bh6 Bxg2 16. Kxg2 Bxh6 17. Qxh6 f4 18. Nc3 c5 19. dxc5 Qc6+ 20. f3 bxc5 21. Rd2 Ng7 22. Rad1 e5 23. g4 Rb7 24. Ne4 Ne6 25. Rd6 Qe8 26. R1d5 Nd4 27. b3 Qb5 28. Nc3 Qe8 29. Qg5 Nxe2 30. Nxe2 e4 31. Re5 exf3+ 32. Kxf3 Qa8 33. Kf2 Rbf7 34. Red5 Qe8 35. Rd3 f3 36. Ng3 c4 37. Re3 Qb8 38. Qd5 cxb3 39. axb3 Qb4 40. Rxf3 Qxg4 41. Rxf7 Rxf7+ 42. Kg2 Qf4 43. Rd8+ Kg7 44. Qd4+ Qxd4 45. Rxd4 Rb7 46. b4 Rb5 47. Ne4 a5 48. Rd7+ Kh6 49. bxa5 Rxa5 50. Nf6 Rg5+ 51. Kh3 Rf5 52. Rxh7+ Kg5 53. Ne4+ Kf4 54. Ng3 Re5 55. Rh4+ Kf3 56. Ra4 g5 57. Ra3+ Kf2 58. Kg4 Kg2 59. Ra2+ Kg1 60. h3 Rc5 61. Nf5 Kh1 62. Kxg5 Rd5 63. h4 Rd8 64. h5 Rg8+ 65. Kf6 1-0


[Site "https://www.chess.com"]